 Dungeon Crawl Stone Soup version 0.22-b1-26-g9dbaab1 (webtiles) character file.

3557 zishaf the Covert (level 9, -1/57 HPs)
             Began as a Vampire Enchanter on Aug 7, 2018.
             Was a Follower of Uskayaw.
             Killed from afar by Grum (5 damage)
             ... with a wand of flame (25)
             ... on level 8 of the Dungeon.
             The game lasted 00:35:42 (11533 turns).

zishaf the Covert (Vampire Enchanter)              Turns: 11533, Time: 00:35:43

Health: -1/57      AC:  9    Str: 10    XL:     9   Next: 83%
Magic:  21/21      EV: 31    Int: 18    God:    Uskayaw [*.....]
Gold:   380        SH:  0    Dex: 14    Spells: 7/12 levels left

rFire    . . .     SeeInvis +   r - +0 dagger (curse)
rCold    + + .     Gourm    .   (no shield)
rNeg     + + +     Faith    .   E - +3 leather armour {MR+}
rPois    ∞         Spirit   .   j - +1 helmet
rElec    .         Reflect  .   (no cloak)
rCorr    .         Harm     .   w - +0 pair of gloves
MR       +....                  (no boots)
Stlth    ++++++....             p - amulet of the acrobat
HPRegen  0.00/turn              i - +1 ring of slaying
MPRegen  0.17/turn              x - ring of magical power

@: bloodless, non-regenerating, hasted, very quick
A: fangs 3, see invisible, unbreathing
a: Bat Form, Stomp, Renounce Religion


You were on level 8 of the Dungeon.
You worshipped Uskayaw.
Uskayaw was noncommittal.
You were bloodless.

You visited 2 branches of the dungeon, and saw 10 of its levels.

You collected 380 gold pieces.

Inventory:

Hand Weapons
 a - a +2 dagger
 b - a +0 hunting sling
 r - a cursed +0 dagger (weapon)
 y - a +0 blowgun
Missiles
 e - 262 stones (quivered)
 z - 7 curare-tipped needles
Armour
 j - a +1 helmet (worn)
 o - a +0 leather armour of fire resistance
 w - a +0 pair of gloves (worn)
 E - a +3 leather armour of magic resistance (worn)
 G - the +2 crystal plate armour of Diascheg {*Corrode rPois rF+++}
   (You found it on level 7 of the Dungeon)

   It renders you almost immune to fire.
   It protects you from poison.
   It may corrode you when you take damage.
Jewellery
 i - a +1 ring of slaying (left hand)
 p - an amulet of the acrobat (around neck)
 s - an uncursed ring of flight
 v - an uncursed amulet of harm
 x - a ring of magical power (right hand)
Wands
 A - a wand of flame (44)
 B - a wand of random effects (18)
Scrolls
 c - a scroll of blinking {unknown}
 f - 2 scrolls of identify
 h - 3 scrolls of teleportation
 l - 2 scrolls of immolation
 m - 4 scrolls of amnesia
 n - 2 scrolls of enchant weapon
 C - 3 scrolls of fog
 F - 5 scrolls of remove curse
Potions
 d - 11 potions of blood
 g - 2 potions of brilliance
 k - a potion of cancellation
 q - a potion of flight
 t - a potion of mutation
 D - 5 potions of curing
 H - a potion of lignification
 I - a potion of berserk rage {unknown}


   Skills:
 - Level 3.3 Short Blades
 + Level 5.3 Slings
 + Level 8.3 Dodging
 - Level 11.0 Stealth
 - Level 2.0 Spellcasting
 - Level 10.0 Hexes
 - Level 3.0 Ice Magic


You had 7 spell levels left.
You knew the following spells:

 Your Spells              Type           Power        Failure   Level  Hunger
a - Confuse               Hex            #####...     1%          3    ###....
b - Ensorcelled Hibernat  Hex/Ice        ####..       2%          2    ###....

Your spell library contained the following spells:

 Spells                   Type           Power        Failure   Level  Hunger
 Tukima's Dance           Hex            #####...     1%          3    ###....
 Corona                   Hex            #####..      1%          1    #......
 Dazzling Spray           Conj/Hex       ###...       10%         3    ###....


Dungeon Overview and Level Annotations

Branches:
Dungeon (9/15)             Temple (1/1) D:4             Orc (0/2) D:9
   Lair: D:8-11

Altars:
Ashenzari
Cheibriados
Dithmenos
Elyvilon
Fedhas
Gozag
Hepliaklqana
Kikubaaqudgha
Makhleb
Nemelex Xobeh
Okawaru
Qazlal
Ru
Sif Muna
Trog
Uskayaw
Vehumet
Xom
Yredelemnul
Zin
The Shining One

Shops:
D:7 }

Annotations:
D:4 3 runed doors, firemonkey's ghost, amateur CeWz
D:8 Grum
D:9 Joseph; Psyche


Innate Abilities, Weirdness & Mutations

You do not heal naturally.
You are immune to poison.
You have razor-sharp teeth.
You have supernaturally acute eyesight. (SInv)
You can survive without breathing.


Message History

Confirm with . or Enter, or press ? or * to list all spells.
Aiming: Ensorcelled Hibernation (safe; 2% risk of failure)
Press: ? - help, Shift-Dir - straight line, f/p - bullfrog
Aim: a bullfrog (chance to defeat MR: 54%)
The bullfrog looks drowsy...
The helpless bullfrog fails to defend itself.
You bite the bullfrog, and draw its blood!
You feel better.
You feel slightly less thirsty.
You skewer the bullfrog like a kebab!!!
You kill the bullfrog!
Grum misses you.
Grum zaps a wand.
The puff of flame hits you!
* * * LOW HITPOINT WARNING * * *
Grum zaps a wand.
The puff of flame misses you.
Grum sniffs the air and quickly glances around.
Grum zaps a wand.
The puff of flame misses you.
You feel yourself speed up.
Grum zaps a wand.
The puff of flame hits you!
* * * LOW HITPOINT WARNING * * *
Grum zaps a wand.
The puff of flame hits you!
You die...

#.#.#.#.......#...##.##.##.#
#.#...#.......#.####.##.##.#
#.##..##.....##..# #.##.##.#
#.....####.####..# #.......#
####.............# ####.####
##..#####.......#############
#...# #....................
##.## #.......#...#...#...#
#.# #...@................ #.#
###.#..##...#...#...#
##.########....#.............
##
##...#...........#############
.###.###..###.......#.# #.#
.##.## ##.###.#..#..#.# #.#
### .#.## ##.##.#.....#.###.#
##.## ...#
#.##%#...g.Y.....###.#.. .#.##
##.##.#..##.#.#####..###.


You could see Grum and a yak (wandering).

Vanquished Creatures
  A two-headed ogre (D:8)
  A spriggan (D:7)
  Eustachio (D:6)
  2 orc warriors
  3 ice beasts
  2 phantoms (D:8)
  A black bear (D:6)
  An ogre (D:8)
  A wolf (D:9)
  4 centaurs
  4 bullfrogs
  4 scorpions
  5 howler monkeys
  A vampire bat (D:5)
  A crimson imp (D:7)
  An orc priest (D:6)
  3 hounds
  2 bullfrog skeletons (D:4)
  A jelly (D:8)
  3 orc wizards
  2 iguanas
  6 worker ants
  A howler monkey zombie (D:7)
  A howler monkey skeleton (D:5)
  8 adders
  A shadow imp (D:7)
  2 oozes
  3 worms
  A dart slug (D:2)
  A leopard gecko (D:8)
  20 orcs
  13 bats
  A giant cockroach (D:1)
  6 goblins
  10 hobgoblins
  8 jackals
  3 quokkas
  3 ball pythons
  3 frilled lizards
  A jackal skeleton (D:4)
  7 kobolds
  A quokka zombie (D:7)
  6 rats
150 creatures vanquished.

Notes
Turn   | Place    | Note
-------+----------+-------------------------------------------
     0 | D:1      | zishaf the Vampire Enchanter began the quest for the Orb.
     0 | D:1      | Reached XP level 1. HP: 13/13 MP: 3/3
   569 | D:1      | Reached XP level 2. HP: 19/19 MP: 5/5
   588 | D:1      | Learned a level 2 spell: Ensorcelled Hibernation
   748 | D:1      | Reached skill level 5 in Stealth
  1153 | D:1      | Reached XP level 3. HP: 24/24 MP: 6/6
  1518 | D:2      | Found a snail-covered altar of Cheibriados.
  1614 | D:2      | You fall through a shaft for 2 floors!
  1623 | D:4      | Reached skill level 5 in Hexes
  1625 | D:4      | Found a runed gate.
  1625 | D:4      | Noticed firemonkey's ghost (amateur CeWz)
  1626 | D:4      | Found a runed gate.
  1632 | D:4      | Found a runed gate.
  1678 | D:3      | Reached XP level 4. HP: 26/30 MP: 7/7
  1723 | D:3      | Reached skill level 6 in Stealth
  3563 | D:3      | Found a blossoming altar of Fedhas.
  3617 | D:3      | Found a white marble altar of Elyvilon.
  3636 | D:3      | Found a faded altar of an unknown god.
  3758 | D:3      | Reached XP level 5. HP: 35/35 MP: 5/8
  3870 | D:4      | Found a stormy altar of Qazlal.
  3877 | D:4      | Found a staircase to the Ecumenical Temple.
  3886 | Temple   | Entered the Ecumenical Temple
  3923 | Temple   | Became a worshipper of Uskayaw the Reveler
  4689 | D:4      | Found a shadowy altar of Dithmenos.
  4823 | D:4      | Reached * piety under Uskayaw
  4837 | D:4      | Learned a level 3 spell: Confuse
  4910 | D:4      | Reached skill level 7 in Stealth
  5431 | D:4      | You fall through a shaft for 2 floors!
  5431 | D:6      | Noticed Eustachio
  5438 | D:6      | Found a shattered altar of Ashenzari.
  5468 | D:6      | Noticed an ice beast
  5514 | D:6      | Noticed a black bear
  5573 | D:5      | Entered Level 5 of the Dungeon
  5573 | D:5      | Noticed an ice beast
  5575 | D:5      | Found a glowing silver altar of Zin.
  5792 | D:4      | Reached skill level 1 in Ice Magic
  5792 | D:4      | Reached XP level 6. HP: 41/41 MP: 9/9
  5919 | D:4      | Reached ** piety under Uskayaw
  6356 | D:5      | Found a glowing golden altar of the Shining One.
  6738 | D:5      | Killed an ice beast
  6738 | D:5      | Reached skill level 8 in Stealth
  6738 | D:5      | Reached XP level 7. HP: 37/46 MP: 4/10
  8170 | D:6      | Reached skill level 1 in Slings
  8377 | D:6      | Reached skill level 9 in Stealth
  8629 | D:6      | Reached XP level 8. HP: 47/52 MP: 6/11
  8802 | D:6      | Killed Eustachio
  9124 | D:7      | Reached skill level 10 in Stealth
  9154 | D:7      | Found Exidatol's Gadget Shoppe.
  9157 | D:7      | Found an opulent altar of Gozag.
  9163 | D:7      | Reached skill level 5 in Dodging
  9254 | D:7      | Got a shimmering crystal plate armour
  9265 | D:7      | Identified the +2 crystal plate armour of Diascheg {*Corrode rPois rF+++} (You found it on level 7 of the Dungeon)
  9852 | D:8      | Found an ancient bone altar of Kikubaaqudgha.
  9878 | D:8      | Noticed a two-headed ogre
 10510 | D:8      | Reached skill level 10 in Hexes
 10510 | D:8      | Reached XP level 9. HP: 47/57 MP: 12/12
 10667 | D:8      | Reached skill level 11 in Stealth
 10782 | D:8      | Found an iron altar of Okawaru.
 10887 | D:8      | Found a shimmering altar of Xom.
 11148 | D:8      | Killed a two-headed ogre
 11300 | D:9      | Found a staircase to the Orcish Mines.
 11307 | D:9      | Reached *** piety under Uskayaw
 11323 | D:9      | Reached skill level 5 in Slings
 11338 | D:9      | Noticed Grum
 11480 | D:9      | Noticed Psyche
 11480 | D:9      | Noticed Joseph
 11533 | D:8      | Killed from afar by Grum

Skill      XL: |  1  2  3  4  5  6  7  8  9 |
---------------+----------------------------+-----
Stealth        | 5 6 7 8 9 10 11 | 11.0
Short Blades   | 2 3 |  3.3
Hexes          | 5 6 8 10 | 10.0
Dodging        | 3 4 5 8 |  8.3
Ice Magic      | 1 2 3 |  3.0
Slings         | 1 2 5 |  5.3
Spellcasting   | |  2.0

Action                   |  1- 3 |  4- 6 |  7- 9 || total
-------------------------+-------+-------+-------++-------
Melee: Dagger            |    97 |    92 |   178 ||   367
       Bite              |     3 |     8 |    10 ||    21
 Fire: Hunting sling     |     4 |       |     4 ||     8
 Cast: Corona            |     3 |       |       ||     3
       Ensorcelled Hiber |     2 |    47 |    91 ||   140
       Confuse           |       |     6 |     8 ||    14
Invok: Stomp             |       |       |     2 ||     2
 Abil: End Transformatio |       |     3 |     3 ||     6
       Bat Form          |       |     3 |     3 ||     6
Evoke: Wand              |       |     5 |       ||     5
  Use: Scroll            |     6 |     2 |    11 ||    19
       Potion            |       |     9 |     7 ||    16
 Stab: Sleeping          |    17 |    31 |    59 ||   107
       Confused          |       |     2 |     6 ||     8
Armor: Robe              |     9 |       |       ||     9
       Leather armour    |       |       |    57 ||    57
       Crystal plate arm |       |       |    23 ||    23
Dodge: Dodged            |    48 |    86 |   197 ||   331
